[Event "Titled Tuesday Blitz August 17 2021"]
[White "Awatramani, Janak"]
[Black "Laurusas, Tomas"]
[WhiteFideId "2608359"]
[BlackFideId "12803731"]
[WhiteElo "2901"]
[BlackElo "2542"]
[Result "1-0"]
[Round "09"]
[TimeControl "180+1"]
[Date "2021.08.17"]
[WhiteClock "0:00:36"]
[BlackClock "0:00:09"]

1. b3 Nf6 2. Bb2 e6 3. e3 Be7 4. Nf3 O-O 5. d4 c5 6. Nbd2 b6 7. c4 Bb7 8. Bd3 cxd4 9. exd4 d5 10. Rc1 Nc6 11. O-O dxc4 12. bxc4 Rc8 13. Re1 Re8 14. a3 Bf8 15. Bb1 Ne7 16. Ne5 Ng6 17. Ndf3 Bd6 18. Qb3 Bxe5 19. Nxe5 Nxe5 20. dxe5 Nd7 21. Qh3 Nf8 22. Qg4 Rc7 23. h4 Qd2 24. Bc3 Qd7 25. Bb4 Rec8 26. h5 h6 27. Re3 Nh7 28. Rg3 Ng5 29. f4 Rxc4 30. Rd1 Rc1 31. Rd3 Nf3+ 32. Kf2 Rxd1 33. Rxd7 Rxd7 34. gxf3 a5 35. Bd6 Rc1 36. Be4 Ba6 37. f5 Bc4 38. f6 1-0


[Site "https://www.chess.com"]

[Event "Titled Tuesday Blitz August 17 2021"]
[White "Balabayeva, Xeniya"]
[Black "Rytenko, Vsevolod"]
[WhiteFideId "13719688"]
[BlackFideId "14133040"]
[WhiteElo "1988"]
[BlackElo "2200"]
[Result "1-0"]
[Round "09"]
[TimeControl "180+1"]
[Date "2021.08.18"]
[WhiteClock "0:00:06"]
[BlackClock "0:00:09"]

1. e4 e6 2. d4 d5 3. Nd2 c5 4. Ngf3 Nc6 5. exd5 Qxd5 6. Bc4 Qd8 7. dxc5 Bxc5 8. c3 Nf6 9. O-O O-O 10. Qe2 e5 11. Ne4 Be7 12. Nxf6+ Bxf6 13. Nd2 Bf5 14. Ne4 Bxe4 15. Qxe4 Re8 16. Be3 Qc7 17. Bb5 a6 18. Bxc6 bxc6 19. Rad1 Red8 20. h3 a5 21. Qc4 Qb7 22. b3 Rd5 23. Rb1 Qb5 24. Qxb5 cxb5 25. Rfd1 Rxd1+ 26. Rxd1 Rc8 27. Rc1 Kf8 28. c4 bxc4 29. bxc4 Ke7 30. c5 Kd7 31. Rb1 Bd8 32. Rb7+ Rc7 33. Rb6 Rc6 34. Rb5 Rc8 35. Kf1 Kc6 36. a4 Bc7 37. Ke2 Rd8 38. Bd2 f5 39. Bxa5 Bxa5 40. Rxa5 g5 41. Ra7 Kxc5 42. Rxh7 Kd5 43. Ra7 Ke4 44. Rb7 f4 45. Rb4+ Kf5 46. a5 Ra8 47. Ra4 Ra6 48. f3 Ke6 49. Kd3 Kd5 50. Ra1 Kd6 51. Ke4 Ke6 52. Ra2 Kd6 53. Rd2+ Ke6 54. Rd5 Kf6 55. Rxe5 Ra7 56. Rb5 Kf7 57. Rxg5 Kf6 58. Kxf4 Ke6 59. h4 Rd7 60. g4 Rd4+ 61. Kg3 Ra4 62. h5 Kf6 63. Rb5 Kg7 64. Kh4 Ra3 65. Kg5 Rxf3 66. a6 Ra3 67. Rb7+ Kf8 68. a7 Ra4 69. Rb8+ Kf7 70. a8=Q Rd4 71. Qb7+ Ke6 72. Re8+ Kd6 73. Rd8+ Ke6 74. Qc6+ Ke5 75. Qf6+ Ke4 76. Rxd4+ Ke3 77. Qf4+ Ke2 78. Rd2+ Ke1 79. Qf2# 1-0


[Site "https://www.chess.com"]

[Event "Titled Tuesday Blitz August 17 2021"]
[White "Barp, Alberto"]
[Black "Tanenbaum, Zachary"]
[WhiteFideId "872555"]
[BlackFideId "2060850"]
[WhiteElo "2229"]
[BlackElo "2165"]
[Result "1-0"]
[Round "09"]
[TimeControl "180+1"]
[Date "2021.08.17"]
[WhiteClock "0:00:40"]
[BlackClock "0:00:02"]

1. Nf3 d5 2. g3 Nf6 3. Bg2 c6 4. O-O Bf5 5. d3 Nbd7 6. Nbd2 e5 7. Qe1 Bc5 8. e4 dxe4 9. dxe4 Bg6 10. Nh4 Bh5 11. a4 a5 12. Nc4 O-O 13. Bd2 b6 14. Nf5 Qc7 15. c3 Rfd8 16. Be3 h6 17. b4 Bf8 18. h3 axb4 19. cxb4 b5 20. Na5 Nb6 21. g4 Bg6 22. axb5 cxb5 23. Qe2 Nc4 24. Rac1 Rac8 25. Nxc4 bxc4 26. b5 c3 27. b6 Qc4 28. Qc2 Bc5 29. Qxc3 Qxc3 30. Rxc3 Bxe3 31. Rxc8 Rxc8 32. Ne7+ Kf8 33. Nxc8 Bd4 34. b7 Nd7 35. Rb1 Nb8 36. Nd6 Ke7 37. Nb5 Bc5 38. Rc1 Bb4 39. Rc8 Nd7 40. b8=Q Nxb8 41. Rxb8 Be1 42. Rb7+ Kf6 43. Nc7 Kg5 44. Nd5 Kh4 45. Rb3 Bd2 46. Rd3 Bc1 47. Ne3 Kg5 48. Nf5 Bxf5 49. exf5 Bb2 50. Be4 Kf6 51. f3 Bd4+ 52. Kg2 Kg5 53. Rb3 Kf6 54. Rb7 Be3 55. Kf1 Bd4 56. Ke2 g6 57. fxg6 fxg6 58. Rc7 g5 59. Rc6+ Kg7 60. Rg6+ Kh7 61. Kd3 1-0


[Site "https://www.chess.com"]

[Event "Titled Tuesday Blitz August 17 2021"]
[White "Bazarov, Konstantin"]
[Black "Sarkar, Justin"]
[WhiteFideId "4137000"]
[BlackFideId "2010011"]
[WhiteElo "2122"]
[BlackElo "2094"]
[Result "1-0"]
[Round "09"]
[TimeControl "180+1"]
[Date "2021.08.18"]
[WhiteClock "0:00:28"]
[BlackClock "0:00:01"]

1. d4 Nf6 2. c4 e6 3. Nc3 Bb4 4. f3 d5 5. a3 Bd6 6. e4 c5 7. cxd5 exd5 8. Bb5+ Bd7 9. dxc5 Bxc5 10. Bxd7+ Qxd7 11. Nxd5 Nxd5 12. Qxd5 Qxd5 13. exd5 O-O 14. Bf4 Re8+ 15. Ne2 Nd7 16. Rd1 Nb6 17. b4 Be3 18. Bxe3 Rxe3 19. Kf2 Rxa3 20. d6 Rd8 21. Rd4 f6 22. Rc1 Kf7 23. Nf4 Ra2+ 24. Kf1 Rd7 25. Nd3 Na4 26. Rc7 Rxc7 27. dxc7 Nb6 28. Rd7+ Ke6 29. Nc5+ Ke5 30. Rxg7 1-0


[Site "https://www.chess.com"]

[Event "Titled Tuesday Blitz August 17 2021"]
[White "Bologan, Victor"]
[Black "Machidon, Cristi"]
[WhiteFideId "13900048"]
[BlackFideId "13904590"]
[WhiteElo "2511"]
[BlackElo "2312"]
[Result "1/2-1/2"]
[Round "09"]
[TimeControl "180+1"]
[Date "2021.08.17"]
[WhiteClock "0:00:09"]
[BlackClock "0:00:04"]

1. e4 c6 2. d4 d5 3. e5 Bf5 4. Nf3 e6 5. Nbd2 h6 6. Nb3 g5 7. Bd3 Ne7 8. O-O Bg7 9. Ne1 O-O 10. f4 f6 11. Nc5 Qc8 12. Bxf5 Nxf5 13. g4 Nh4 14. Ng2 Nxg2 15. Kxg2 b6 16. Nd3 c5 17. exf6 Bxf6 18. fxg5 hxg5 19. dxc5 bxc5 20. Qe2 Nc6 21. c3 c4 22. Ne1 e5 23. h3 e4 24. Be3 Qe6 25. Nc2 Rab8 26. Rab1 Rb7 27. Qd2 Rg7 28. Rf5 Ne7 29. Nd4 Qd7 30. Rxf6 Rxf6 31. Bxg5 Rfg6 32. Bxe7 Rxg4+ 33. hxg4 Qxg4+ 34. Kh1 Rh7+ 35. Qh2 Rxh2+ 36. Kxh2 Qf4+ 37. Kg2 Qd2+ 38. Kg3 Qd3+ 39. Kf4 Qxb1 40. Ba3 Qxa2 41. Ke5 Kf7 42. Kxd5 e3 43. Ke4 Qb1+ 44. Kxe3 Qd3+ 45. Kf4 Kf6 46. Bc5 Qd2+ 47. Ke4 Qxb2 48. Bb4 Qa2 49. Kd5 a5 50. Bd6 a4 51. Nb5 Qb3 52. Bb4 Kf5 53. Na3 Kf4 54. Nxc4 Kf3 55. Kc5 Ke2 56. Na3 Kd3 57. c4 Ke4 58. Kb5 Ke5 59. c5 Kd5 60. Ka5 Qd3 61. Nb5 Kc6 62. Na7+ Kb7 63. Nb5 Kc6 64. Na7+ Kb7 65. Nb5 Kc8 66. Kxa4 Qc2+ 67. Ka5 Kd7 68. Kb6 Qc4 69. Ba5 Qe6+ 70. Nd6 Qd5 71. Bb4 Qc6+ 72. Ka5 Kc7 73. Nb5+ Kb7 74. Nd6+ Ka7 75. Nb5+ Ka8 76. Nd6 Kb8 77. Nb5 Kb7 78. Nd6+ Kc7 79. Nb5+ Kb7 1/2-1/2


[Site "https://www.chess.com"]

[Event "Titled Tuesday Blitz August 17 2021"]
[White "Brunner, Nicolas"]
[Black "Ovetchkin, Roman"]
[WhiteFideId "620246"]
[BlackFideId "4119991"]
[WhiteElo "2372"]
[BlackElo "2432"]
[Result "0-1"]
[Round "09"]
[TimeControl "180+1"]
[Date "2021.08.17"]
[WhiteClock "0:00:01"]
[BlackClock "0:00:52"]

1. d4 Nf6 2. c4 g6 3. Nc3 Bg7 4. e4 d6 5. Nf3 O-O 6. Be2 e5 7. d5 a5 8. Bg5 h6 9. Bh4 Qe8 10. Nd2 Na6 11. O-O Bd7 12. a3 Nh7 13. Kh1 h5 14. f3 Bh6 15. Nb5 Be3 16. Rb1 f5 17. b4 f4 18. Be1 g5 19. bxa5 Qe7 20. Nb3 Kh8 21. Bb4 Rf6 22. h3 Rg8 23. c5 Nxb4 24. axb4 g4 25. fxg4 hxg4 26. Kh2 Rh6 27. Nxc7 Rxh3+ 28. gxh3 Qh4 29. Bxg4 Qg3+ 30. Kh1 Bxg4 0-1


[Site "https://www.chess.com"]

[Event "Titled Tuesday Blitz August 17 2021"]
[White "Bures, Vit"]
[Black "Bongo Akanga Ndjila, Barthelemy"]
[WhiteFideId "309052"]
[BlackFideId "10609431"]
[WhiteElo "2123"]
[BlackElo "1803"]
[Result "1-0"]
[Round "09"]
[TimeControl "180+1"]
[Date "2021.08.18"]
[WhiteClock "0:00:05"]
[BlackClock "0:00:19"]

1. d4 Nf6 2. c4 e6 3. Nc3 d5 4. cxd5 exd5 5. Bg5 c6 6. e3 Nbd7 7. Bd3 Bd6 8. Nge2 O-O 9. Qc2 Be7 10. O-O Re8 11. h3 Nf8 12. Bf4 Ne6 13. Bh2 g6 14. f4 Ng7 15. g4 Bd6 16. e4 dxe4 17. Nxe4 Nxe4 18. Bxe4 Qe7 19. Nc3 Bb4 20. Rae1 Qd8 21. Qf2 Be6 22. f5 Bc4 23. fxg6 fxg6 24. Be5 Rf8 25. Qg2 Bxf1 26. Rxf1 Rxf1+ 27. Qxf1 Ne6 28. Qc4 Qe7 29. Ne2 Rd8 30. Nf4 Re8 31. Nxe6 Qxe6 32. Qxb4 b6 33. Qa4 c5 34. Qxa7 Re7 35. Qa8+ Re8 36. Qd5 Kf7 37. Kg2 cxd4 38. Bxd4 Qxd5 39. Bxd5+ Ke7 40. Bxb6 Kd6 41. Bc4 Rb8 42. Bd4 Rb4 43. b3 Rb8 44. Kf3 Rf8+ 45. Ke3 Re8+ 46. Kd3 Rf8 47. a4 Rf3+ 48. Ke4 Rxh3 49. a5 Kc6 50. a6 Rh2 51. a7 Ra2 52. a8=Q+ Rxa8 53. Bd5+ Kb5 54. Bxa8 h5 55. Bd5 hxg4 56. Kf4 Kb4 57. Kxg4 Kb5 58. Kg5 Kb4 59. Kxg6 Kb5 60. Kf5 Kb4 61. Ke4 Kb5 62. Kd3 Kb4 63. Kc2 Ka3 64. Kc3 Ka2 65. b4+ Ka3 66. b5 Ka4 67. b6 Ka5 68. b7 Ka6 69. b8=Q Ka5 70. Qa7+ Kb5 71. Qb6+ Ka4 72. Qb4# 1-0


[Site "https://www.chess.com"]

[Event "Titled Tuesday Blitz August 17 2021"]
[White "Costachi, Mihnea"]
[Black "Gontcharov, Vladislav"]
[WhiteFideId "1217518"]
[BlackFideId "4123492"]
[WhiteElo "2482"]
[BlackElo "2503"]
[Result "1-0"]
[Round "09"]
[TimeControl "180+1"]
[Date "2021.08.17"]
[WhiteClock "0:02:18"]
[BlackClock "0:01:16"]

1. Nf3 Nf6 2. c4 c5 3. g3 g6 4. Bg2 Bg7 5. O-O O-O 6. Nc3 Nc6 7. d4 d6 8. d5 Na5 9. Qd3 a6 10. e4 b5 11. cxb5 axb5 12. Nxb5 Ba6 13. a4 c4 14. Qe2 Nb3 15. Ra3 Nc5 16. Qxc4 Ncxe4 17. Nfd4 Qd7 18. Nc6 Nc5 19. b4 Nxa4 20. Rxa4 Qb7 21. Ra5 Rab8 22. Rxa6 Qxa6 23. Nxd6 Kh8 1-0


[Site "https://www.chess.com"]

[Event "Titled Tuesday Blitz August 17 2021"]
[White "Dang, Hoang Son"]
[Black "Piesik, Piotr"]
[WhiteFideId "12402435"]
[BlackFideId "1136194"]
[WhiteElo "2248"]
[BlackElo "2395"]
[Result "1-0"]
[Round "09"]
[TimeControl "180+1"]
[Date "2021.08.17"]
[WhiteClock "0:02:16"]
[BlackClock "0:00:55"]

1. e4 g6 2. h4 h5 3. Bc4 Bg7 4. Nf3 c6 5. Nc3 b5 6. Bb3 b4 7. Ne2 d5 8. Ng5 Nh6 9. d4 dxe4 10. Ng3 Qxd4 11. Be3 Qxd1+ 12. Rxd1 Bxb2 13. N3xe4 Ba6 14. f3 Nd7 15. Rxd7 Kxd7 16. Nc5+ Ke8 17. Nxa6 Rd8 18. Kf2 Bd4 19. Nc7+ Kf8 20. Bxd4 Rxd4 21. Nce6+ 1-0


[Site "https://www.chess.com"]

[Event "Titled Tuesday Blitz August 17 2021"]
[White "Demchenko, Anton"]
[Black "Tristan, Leonardo"]
[WhiteFideId "4160258"]
[BlackFideId "113816"]
[WhiteElo "2583"]
[BlackElo "2404"]
[Result "0-1"]
[Round "09"]
[TimeControl "180+1"]
[Date "2021.08.17"]
[WhiteClock "0:00:14"]
[BlackClock "0:00:17"]

1. e4 d5 2. exd5 Qxd5 3. Nc3 Qa5 4. d4 Nf6 5. Nf3 Bf5 6. Bd2 e6 7. Ne4 Qb6 8. Nxf6+ gxf6 9. Be2 Nc6 10. c3 Qxb2 11. O-O O-O-O 12. Nh4 Bc2 13. Qe1 e5 14. Bg4+ Kb8 15. Bf3 exd4 16. Bxc6 bxc6 17. cxd4 Qxd4 18. Nf3 Qd5 19. Qc1 Be4 20. Qb2+ Kc8 21. Rab1 Bxf3 22. Bf4 Bd6 23. gxf3 Bxf4 24. Qb7+ Kd7 25. Rfd1 Rhg8+ 26. Kh1 Bd2 27. Rb3 Rb8 0-1


[Site "https://www.chess.com"]

[Event "Titled Tuesday Blitz August 17 2021"]
[White "Diakonova, Ekaterina"]
[Black "Dahanayake, Isara Banidu"]
[WhiteFideId "24172936"]
[BlackFideId "9932631"]
[WhiteElo "2102"]
[BlackElo "1394"]
[Result "0-1"]
[Round "09"]
[TimeControl "180+1"]
[Date "2021.08.18"]
[WhiteClock "0:00:02"]
[BlackClock "0:00:13"]

1. Nf3 Nf6 2. g3 g6 3. b3 Bg7 4. Bb2 O-O 5. Bg2 d6 6. O-O e5 7. d4 e4 8. Nfd2 d5 9. e3 Bg4 10. Qe1 Qd7 11. c4 c6 12. Nc3 Na6 13. a3 Bh3 14. Qe2 Bg4 15. f3 exf3 16. Nxf3 Rfe8 17. Qf2 Bxf3 18. Bxf3 Nc7 19. Rae1 Ne6 20. h4 h5 21. Rd1 Nc7 22. Rfe1 Qf5 23. Ne2 Bh6 24. Nf4 Ne4 25. Bxe4 Qxe4 26. Rf1 Re7 27. Bc1 Rae8 28. a4 Ne6 29. Ba3 Nxf4 30. exf4 Re6 31. Bc1 Qf5 32. Qf3 Re4 33. Rf2 Bg7 34. Bb2 Re3 35. Qg2 Rxb3 36. cxd5 cxd5 37. Rc1 Rxb2 38. Rxb2 Bxd4+ 39. Kh2 Bxb2 40. Qxb2 Qd3 41. Kh3 Qf5+ 42. Kh2 Qe4 43. Kh3 Qe6+ 44. f5 Qxf5+ 45. Kh2 Qe6 46. Kh1 Qe4+ 47. Kg1 d4 48. Rf1 d3 49. Qf6 Qe3+ 50. Kh1 Qe4+ 51. Kh2 Qe6 52. Qg5 Qe2+ 53. Kg1 d2 54. Qf6 Qxf1+ 55. Kxf1 d1=Q+ 56. Kg2 Qe2+ 57. Kh3 Qe6+ 0-1


[Site "https://www.chess.com"]

[Event "Titled Tuesday Blitz August 17 2021"]
[White "Djordjevic, Vuk"]
[Black "Loy, Konstantin"]
[WhiteFideId "902098"]
[BlackFideId "14122499"]
[WhiteElo "2463"]
[BlackElo "2084"]
[Result "1-0"]
[Round "09"]
[TimeControl "180+1"]
[Date "2021.08.17"]
[WhiteClock "0:00:27"]
[BlackClock "0:00:09"]

1. e4 c5 2. Nc3 Nc6 3. g3 g6 4. Bg2 Bg7 5. d3 e6 6. Be3 d6 7. Qd2 Rb8 8. Nge2 Nd4 9. O-O Nxe2+ 10. Nxe2 Ne7 11. d4 b6 12. Rad1 Qc7 13. Nc3 O-O 14. b3 Ba6 15. Rfe1 Rfd8 16. d5 e5 17. a4 Rf8 18. f4 exf4 19. Bxf4 f6 20. Bh3 Bc8 21. Nb5 Qd8 22. Be6+ Bxe6 23. dxe6 Qc8 24. Bxd6 Re8 25. e5 Nc6 26. exf6 Bxf6 27. Qf4 Bd4+ 28. Nxd4 Nxd4 29. Bxb8 Qxb8 30. Qxb8 Rxb8 31. e7 Re8 32. Rxd4 cxd4 33. Kf2 Kf7 34. Kf3 Rc8 35. e8=Q+ Rxe8 36. Rxe8 Kxe8 37. Ke4 Kd7 38. Kxd4 Kd6 39. b4 a6 40. c4 h6 41. a5 bxa5 42. bxa5 Kc6 43. c5 Kb5 44. Kd5 Kxa5 45. c6 Kb6 46. Kd6 1-0


[Site "https://www.chess.com"]

[Event "Titled Tuesday Blitz August 17 2021"]
[White "Wagner, Dinara"]
[Black "Garv Gaur"]
[WhiteFideId "24157570"]
[BlackFideId "45030839"]
[WhiteElo "2260"]
[BlackElo "1950"]
[Result "0-1"]
[Round "09"]
[TimeControl "180+1"]
[Date "2021.08.17"]
[WhiteClock "0:00:02"]
[BlackClock "0:00:04"]

1. d4 d5 2. c4 e6 3. Nf3 Nf6 4. g3 Bb4+ 5. Bd2 Be7 6. Bg2 O-O 7. O-O Nbd7 8. Qc2 c6 9. a3 b6 10. cxd5 cxd5 11. Rc1 Ba6 12. Bb4 Rc8 13. Nc3 Ne4 14. Qa4 Nxc3 15. Qxa6 Bxb4 16. axb4 Nb8 17. Qd3 Ne4 18. Ne5 Rxc1+ 19. Rxc1 f5 20. Qc2 Qd6 21. Qa4 a6 22. b5 a5 23. Nc6 Nd2 24. Ne5 Ne4 25. e3 g5 26. Qc2 g4 27. Qc7 Qxc7 28. Rxc7 Nd6 29. Bf1 Rc8 30. Re7 Re8 31. Rc7 Rc8 32. Rxc8+ Nxc8 33. Kg2 Nd6 34. f3 Kf8 35. fxg4 fxg4 36. Nxg4 Nd7 37. Bd3 h5 38. Nf2 Nf6 39. h3 Kg7 40. Nd1 Nfe4 41. Nf2 Nd2 42. Nd1 N2c4 43. Kf3 Nxb5 44. Kf4 Nbd6 45. Kg5 b5 46. Kxh5 b4 47. Kg5 a4 48. h4 b3 49. h5 Nxb2 50. Nxb2 a3 51. h6+ Kh8 52. Na4 a2 53. Nc5 a1=Q 54. Nxe6 Qc1 55. Nf4 Qxe3 56. Bb1 Nf7+ 57. Kh5 Nxh6 58. Ng6+ Kg7 59. Nf4 Qf3+ 60. Kg5 Qg4# 0-1


[Site "https://www.chess.com"]

[Event "Titled Tuesday Blitz August 17 2021"]
[White "Drygalov, Sergey"]
[Black "Batsuren, Dambasuren"]
[WhiteFideId "24171743"]
[BlackFideId "4902920"]
[WhiteElo "2514"]
[BlackElo "2371"]
[Result "0-1"]
[Round "09"]
[TimeControl "180+1"]
[Date "2021.08.17"]
[WhiteClock "0:00:02"]
[BlackClock "0:00:03"]

1. e4 c6 2. d4 d5 3. e5 Bf5 4. Bd3 Bxd3 5. Qxd3 e6 6. Nf3 Nd7 7. O-O h6 8. c4 dxc4 9. Qxc4 Nb6 10. Qe2 Ne7 11. Nc3 Nf5 12. Rd1 Be7 13. h3 O-O 14. Bf4 Nd5 15. Bd2 Nh4 16. Nh2 Ng6 17. Ng4 Kh7 18. Qf3 Nxc3 19. bxc3 Qd5 20. Qe2 b5 21. g3 Rfd8 22. h4 c5 23. h5 Nf8 24. Be3 c4 25. f3 a5 26. Rf1 Nd7 27. Qc2+ Kh8 28. f4 b4 29. f5 exf5 30. Rxf5 bxc3 31. Raf1 Rab8 32. Qxc3 Nf8 33. Rxf7 Qe6 34. Nh2 Nh7 35. Qc2 Bg5 36. Qf2 Bxe3 37. Qxe3 Ng5 38. R7f5 Kg8 39. Ng4 Rb2 40. Nf6+ gxf6 41. Rxf6 Qh3 42. Rg6+ Kh7 43. Rxh6+ Kxh6 44. Rf6+ Kh7 45. Qe4+ Nxe4 0-1


[Site "https://www.chess.com"]

[Event "Titled Tuesday Blitz August 17 2021"]
[White "Dudzinski, Pawel"]
[Black "Dobrowolski, Piotr"]
[WhiteFideId "1117890"]
[BlackFideId "1106236"]
[WhiteElo "2193"]
[BlackElo "2296"]
[Result "0-1"]
[Round "09"]
[TimeControl "180+1"]
[Date "2021.08.17"]
[WhiteClock "0:00:20"]
[BlackClock "0:00:29"]

1. e4 c5 2. c4 Nc6 3. Nc3 e6 4. g3 Nf6 5. Bg2 d5 6. exd5 exd5 7. Nxd5 Nxd5 8. cxd5 Nb4 9. d3 Qa5 10. Kf1 Qa6 11. Qe2+ Kd8 12. Bg5+ f6 13. Be3 Bd6 14. d4 b6 15. dxc5 bxc5 16. Qxa6 Bxa6+ 17. Ne2 Rb8 18. Be4 Re8 19. Bxh7 Nxd5 20. Rd1 Nxe3+ 21. fxe3 Kc7 22. Bd3 Bxd3 23. Rxd3 Rxb2 24. Ra3 c4 25. Kf2 Bxa3 0-1


[Site "https://www.chess.com"]

[Event "Titled Tuesday Blitz August 17 2021"]
[White "Esenbek Uulu, Ilimbek"]
[Black "Matthiesen, Martin"]
[WhiteFideId "13800680"]
[BlackFideId "1404067"]
[WhiteElo "2103"]
[BlackElo "2337"]
[Result "0-1"]
[Round "09"]
[TimeControl "180+1"]
[Date "2021.08.18"]
[WhiteClock "0:00:13"]
[BlackClock "0:00:12"]

1. e4 c6 2. d4 d5 3. exd5 cxd5 4. c4 Nf6 5. Nc3 Nc6 6. Nf3 Bg4 7. cxd5 Nxd5 8. Qb3 Bxf3 9. gxf3 e6 10. Qxb7 Nxd4 11. Bb5+ Nxb5 12. Qc6+ Ke7 13. Qxb5 Nxc3 14. bxc3 Qd5 15. Rb1 Kf6 16. O-O Bd6 17. Be3 Qxb5 18. Rxb5 a6 19. Bd4+ Kg6 20. Rb6 Bf4 21. Kh1 f6 22. Rxe6 Rhe8 23. Rg1+ Kf7 24. Rb6 Re7 25. Rgb1 h5 26. h3 a5 27. Bc5 Rd7 28. Rb7 Rd8 29. Kg2 Kg6 30. Rxd7 Rxd7 31. Rb5 a4 32. Bd4 Re7 33. Ra5 Re2 34. Rxa4 Rc2 35. Ra7 h4 36. a4 Bd2 37. Rc7 Ra2 38. Rc4 Kf5 39. Bb6 g5 40. a5 Bf4 41. Rc6 Kg6 42. Bd8 Be5 43. a6 Kf5 44. c4 Bd4 45. Bb6 Rxa6 46. Bxd4 Rxc6 47. c5 Ke6 48. Kf1 Kd5 49. Bxf6 Rxf6 50. Ke2 Kxc5 51. Ke3 Kd5 52. Kd3 Rf4 53. Ke2 Kd4 54. Kf1 Rxf3 55. Kg2 Ke4 0-1


[Site "https://www.chess.com"]

[Event "Titled Tuesday Blitz August 17 2021"]
[White "Esipenko, Andrey"]
[Black "AlexOstrovskiy"]
[WhiteFideId "24175439"]
[WhiteElo "2595"]
[BlackElo "2859"]
[Result "1-0"]
[Round "09"]
[TimeControl "180+1"]
[Date "2021.08.17"]
[WhiteClock "0:00:13"]
[BlackClock "0:00:01"]

1. e4 d5 2. exd5 Nf6 3. Nf3 Bg4 4. h3 Bxf3 5. Qxf3 Qxd5 6. Qxd5 Nxd5 7. Bc4 e6 8. c3 Nc6 9. d4 O-O-O 10. Bb5 Bd6 11. Nd2 a6 12. Bxc6 bxc6 13. Nb3 e5 14. dxe5 Bxe5 15. O-O Rhe8 16. g3 Nb6 17. Kg2 Nc4 18. Rb1 a5 19. a4 Bd6 20. Nd4 Kb7 21. b3 Nb6 22. Nf5 Be5 23. c4 g6 24. Nh6 Rd7 25. Ng4 Bd4 26. Be3 f5 27. Bxd4 Rxd4 28. Ne3 c5 29. Rfd1 Red8 30. Kf3 Nd7 31. Ke2 Ne5 32. Nc2 Re4+ 33. Kf1 Re8 34. Rd5 f4 35. gxf4 Rxf4 36. Ne3 c6 37. Rd6 Kc7 38. Rbd1 Nf3 39. Rd7+ Kb6 40. Rxh7 Nd4 41. Kg2 Ref8 42. Rd2 R8f6 43. Ng4 R6f5 44. Re7 1-0


[Site "https://www.chess.com"]

[Event "Titled Tuesday Blitz August 17 2021"]
[White "Eternauta2400"]
[Black "Solon, Nathan"]
[BlackFideId "2017229"]
[WhiteElo "2566"]
[BlackElo "2679"]
[Result "0-1"]
[Round "09"]
[TimeControl "180+1"]
[Date "2021.08.17"]
[WhiteClock "0:01:05"]
[BlackClock "0:00:47"]

1. e4 c6 2. d4 d5 3. exd5 cxd5 4. c4 Nf6 5. Nc3 Nc6 6. Nf3 Bg4 7. Be3 e6 8. c5 Be7 9. Bb5 O-O 10. h3 Bxf3 11. Qxf3 Rc8 12. O-O b6 13. Bxc6 Rxc6 14. b4 bxc5 15. bxc5 Qa5 16. Bf4 Nd7 17. Rab1 Qa6 18. Rfc1 Bf6 19. Nb5 Rfc8 20. a3 h6 21. Nd6 Rf8 22. Rb7 Rxd6 23. Bxd6 Qxb7 24. Bxf8 Kxf8 25. c6 Qc7 26. Qb3 Nb6 27. a4 Be7 28. a5 Nc4 29. Qb7 Bd6 30. a6 Ke7 31. Rb1 Na5 32. Qxc7+ Bxc7 33. Rb7 Nxb7 34. cxb7 Kd6 0-1


[Site "https://www.chess.com"]

[Event "Titled Tuesday Blitz August 17 2021"]
[White "Eynullayev, Altay"]
[Black "D`Costa, Lorin"]
[WhiteFideId "13413562"]
[BlackFideId "409219"]
[WhiteElo "2079"]
[BlackElo "2287"]
[Result "0-1"]
[Round "09"]
[TimeControl "180+1"]
[Date "2021.08.17"]
[WhiteClock "0:00:03"]
[BlackClock "0:00:44"]

1. e4 e6 2. d4 d5 3. e5 c5 4. c3 Nc6 5. Nf3 Bd7 6. a3 f6 7. Bd3 Qc7 8. O-O fxe5 9. dxe5 O-O-O 10. Re1 Nh6 11. b4 Be7 12. b5 Na5 13. a4 Rdf8 14. c4 d4 15. Nbd2 Nf5 16. Ne4 h6 17. Bd2 Kb8 18. Rb1 Bc8 19. Re2 b6 20. g4 Nh4 21. Nxh4 Bxh4 22. f4 g5 23. Bxa5 bxa5 24. b6 axb6 25. f5 exf5 26. Reb2 Ka7 27. Rxb6 fxe4 28. Qb3 Bf2+ 29. Kh1 Ba6 30. Bxe4 Rb8 31. Rxb8 Rxb8 32. Qxb8+ Qxb8 33. Rxb8 Kxb8 34. e6 Kc7 35. e7 Kd7 0-1


[Site "https://www.chess.com"]

[Event "Titled Tuesday Blitz August 17 2021"]
[White "FGHSMN"]
[Black "Rustemov, Alexander"]
[BlackFideId "4119002"]
[WhiteElo "2592"]
[BlackElo "2697"]
[Result "0-1"]
[Round "09"]
[TimeControl "180+1"]
[Date "2021.08.17"]
[WhiteClock "0:00:13"]
[BlackClock "0:00:17"]

1. e4 e6 2. Qe2 d5 3. exd5 Qxd5 4. Nc3 Qd8 5. Nf3 c5 6. g3 Nc6 7. Bg2 Nge7 8. O-O Nf5 9. d3 Be7 10. Bf4 O-O 11. Rfe1 Bd7 12. Ne4 Ncd4 13. Nxd4 cxd4 14. h4 Rc8 15. h5 h6 16. c3 dxc3 17. bxc3 Bc6 18. Rad1 b5 19. d4 a6 20. Qd2 Bd5 21. Bh1 Qd7 22. g4 Nh4 23. Bg3 f5 24. Nc5 Bxc5 25. dxc5 Qd8 26. Bxd5 exd5 27. Bxh4 Qxh4 28. Qxd5+ Kh8 29. gxf5 Qg4+ 30. Qg2 Qxf5 31. Re7 Rf7 32. Rxf7 Qxf7 33. Qd5 Qf6 34. Rd4 Rf8 35. f4 Qh4 36. c6 Qg3+ 37. Kf1 Re8 38. Rd1 Re3 39. c7 Rf3+ 40. Qxf3 Qxf3+ 41. Ke1 Qe3+ 42. Kf1 Qxf4+ 43. Kg1 Qxc7 44. Kh1 Qxc3 45. a4 Qf3+ 46. Kh2 Qxd1 47. Kg2 bxa4 48. Kh2 a3 49. Kg2 a2 50. Kh2 a1=Q 51. Kg2 Qb2+ 52. Kh3 Qd3+ 53. Kh4 Qbd4# 0-1


[Site "https://www.chess.com"]

[Event "Titled Tuesday Blitz August 17 2021"]
[White "Federzoni, Enzo"]
[Black "Chernobay, Artem"]
[WhiteFideId "2173301"]
[BlackFideId "4167406"]
[WhiteElo "1956"]
[BlackElo "2480"]
[Result "0-1"]
[Round "09"]
[TimeControl "180+1"]
[Date "2021.08.17"]
[WhiteClock "0:00:13"]
[BlackClock "0:01:09"]

1. e4 c5 2. Nf3 d6 3. Bb5+ Nd7 4. d4 cxd4 5. Qxd4 a6 6. Bxd7+ Bxd7 7. c4 Nf6 8. Nc3 e6 9. Bg5 Be7 10. O-O O-O 11. Bxf6 Bxf6 12. Qxd6 Bxc3 13. bxc3 Bc6 14. e5 Bxf3 15. Qxd8 Rfxd8 16. gxf3 Rac8 17. Rfd1 Rxd1+ 18. Rxd1 g5 19. Rd7 Rxc4 20. Rxb7 Rxc3 21. Kg2 Rc5 22. Rb4 Rxe5 23. Ra4 a5 24. Kg3 Kg7 25. f4 gxf4+ 26. Kxf4 Rb5 27. Kg3 Kg6 28. a3 e5 29. Kg4 f5+ 30. Kg3 f4+ 31. Kf3 Kf5 32. Kg2 e4 33. Rc4 h5 34. a4 Rd5 35. h4 Re5 36. Kh3 e3 37. fxe3 fxe3 38. Rc1 e2 39. Re1 Kf4 40. Kg2 Ke3 41. Rb1 Kd2 42. Rb2+ Kc1 0-1


[Site "https://www.chess.com"]

[Event "Titled Tuesday Blitz August 17 2021"]
[White "Filippova, Margarita"]
[Black "Bryakin, Mikhail"]
[WhiteFideId "34199680"]
[BlackFideId "4165314"]
[WhiteElo "1829"]
[BlackElo "2336"]
[Result "1/2-1/2"]
[Round "09"]
[TimeControl "180+1"]
[Date "2021.08.18"]
[WhiteClock "0:01:47"]
[BlackClock "0:00:02"]

1. Nf3 c6 2. c4 g6 3. Nc3 Bg7 4. e4 e6 5. d4 d5 6. Bg5 Qa5 7. e5 Qb4 8. Qb3 Qxb3 9. axb3 Ne7 10. c5 Nf5 11. b4 Nd7 12. b5 Nb8 13. b4 Bd7 14. bxc6 bxc6 15. b5 cxb5 16. Bxb5 O-O 17. O-O Bxb5 18. Nxb5 Nc6 19. Nd6 Nfxd4 20. Nxd4 Nxd4 21. f4 Nc6 22. Ra6 Nb4 23. Ra4 a5 24. Rfa1 Nc6 25. Bh4 Rfb8 26. Be1 Ra6 1/2-1/2


[Site "https://www.chess.com"]